 Dungeon Crawl Stone Soup version 0.32-a0-42-ga30500b4d3 (webtiles) character file.

Game seed: 9265862886573140133

183 pokeman the Magician (level 5, 0/29 HPs)
             Began as a Deep Elf Hedge Wizard on Jan 31, 2024.
             Succumbed to a kobold brigand's poison
             ... in a sewer.
             The game lasted 00:07:36 (2864 turns).

pokeman the Magician (Deep Elf Hedge Wizard)        Turns: 2864, Time: 00:07:36

Health: 0/29       AC:  6    Str:  7    XL:     5   Next: 35%
Magic:  5/15       EV: 12    Int: 21    God:
Gold:   87         SH:  0    Dex: 14    Spells: 8/16 levels left

rFire   + . .        a - +0 dagger
rCold   . . .        (no shield)
rNeg    . . .        j - +2 leather armour {rF+}
rPois   .            c - +0 hat
rElec   .            f - +0 cloak
rCorr   .            (no gloves)
SInv    .            (no boots)
Will    .....        (no amulet)
Stlth   ++           (no ring)
HPRegen 0.24/turn    (no ring)
MPRegen 0.14/turn

%: no passive effects
@: lethally poisoned (0 -> -24), attractive, very slightly contaminated
A: no striking features
a: no special abilities


You were in a sewer.
You visited 1 branch of the dungeon, and saw 3 of its levels.
You also visited: Sewer.

You collected 87 gold pieces.

Inventory:

Hand Weapons
 a - a +0 dagger (weapon)
Armour
 c - a +0 hat (worn)
 f - a +0 cloak (worn)
 j - a +2 leather armour of fire resistance (worn)
Wands
 l - a wand of charming (2)
Scrolls
 e - 6 scrolls of identify {unknown}
 g - a scroll of enchant weapon {unknown}
 i - a scroll of immolation {unknown}
 n - a scroll of teleportation {unknown}
Potions
 d - a potion of magic
 h - a potion of brilliance {unknown}
 k - 2 potions of mutation {unknown}
 m - 2 potions of lignification {unknown}
 o - a potion of haste {unknown}


   Skills:
 - Level 1.1 Fighting
 - Level 1.1 Armour
 - Level 3.0 Dodging
 - Level 3.0 Stealth
 * Level 6.2 Spellcasting
 + Level 2.6 Conjurations
 - Level 1.1 Summonings
 - Level 1.1 Translocations
 + Level 0.2 Air Magic
 + Level 0.2 Alchemy
 + Level 0.4 Evocations


You had 8 spell levels left.
You knew the following spells:

 Your Spells              Type           Power      Damage    Failure   Level
a - Magic Dart            Conj           68%        1d6       4%          1
b - Mephitic Cloud        Conj/Alch/Air  10%        N/A       26%         3
c - Call Imp              Summ           22%        N/A       13%         2
d - Blink                 Tloc           22%        N/A       13%         2

Your spell library contained the following spells:

 Spells                   Type           Power      Damage    Failure   Level
 Momentum Strike          Conj/Tloc      28%        3d8       10%         2
 Lesser Beckoning         Tloc           22%        N/A       13%         2
 Slow                     Hex            24%        N/A       14%         1
 Cigotuvi's Dreadful Rot  Necr/Alch/Air  14%        N/A       21%         2
 Dazzling Flash           Conj/Hex       24%        N/A       24%         3
 Curse of Agony           Necr           6%         N/A       98%         5
 Silence                  Hex/Air        3%         N/A       98%         5


Dungeon Overview and Level Annotations

Branches:
Dungeon (3/15)              Sewer (1/1)

Altars:

Portals:
Abyss: D:3

Annotations:
D:3 Azoth's ghost, amateur OpHu


Message History

The kobold throws a poisoned dart.
The poisoned dart hits you!
You are more poisoned.
Casting: Magic Dart (safe; 4% risk of failure)
Confirm with . or Enter, or press ? or * to list all spells.
Aiming: Mephitic Cloud (quite dangerous; 26% risk of failure)
Press: ? - help, Shift-Dir - straight line, p - kobold brigand You miscast Mephitic Cloud.
You feel a sudden electric shock!
You feel very sick.
The kobold throws a poisoned dart.
The poisoned dart hits you!
You are lethally poisoned!
Unknown command.
Casting: Mephitic Cloud (quite dangerous; 26% risk of failure)
Confirm with . or Enter, or press ? or * to list all spells.
Aiming: Mephitic Cloud (quite dangerous; 26% risk of failure)
Press: ? - help, Shift-Dir - straight line, f - kobold brigand
Aim: a kobold brigand, wielding a +0 club and quivering poisoned darts (chance to affect: 77%)
You miscast Mephitic Cloud.
Nothing appears to happen.
You feel very sick.
The kobold throws a poisoned dart.
The poisoned dart completely misses you.
The kobold brigand throws a poisoned dart.
The poisoned dart hits you!
You are more poisoned.
Unknown command.
Casting: Mephitic Cloud (quite dangerous; 26% risk of failure)
Confirm with . or Enter, or press ? or * to list all spells.
Aiming: Mephitic Cloud (quite dangerous; 26% risk of failure)
Press: ? - help, Shift-Dir - straight line, f/p - kobold brigand
Aim: a kobold brigand, wielding a +0 club and quivering poisoned darts (chance to affect: 77%)
The ball explodes into a vile cloud!
The stinking cloud engulfs the kobold brigand.
The stinking cloud engulfs the kobold.
* * * LOW HITPOINT WARNING * * *
You feel extremely sick.
The kobold brigand is engulfed in noxious fumes.
The kobold brigand appears confused.
Unknown command.
It was a potion of attraction.
You feel attractive to monsters.
You die...

#≈# #~# ##≈## ##~##
## ###.~.## ##~.~##
##≈##~....####...~.#
≈≈≈≈≈~..~.~~~~.~.~.#
#####~....####~~..~#
# ##...## ##.~.##
##~## ##.## #~# #@#
#~# #.# ##~## #.# #
##.~.## #K#
#####~.~..# K§☼
†~~~~....~# !..
#####.~...# ... #
##...## ##..# #####


You could see a kobold brigand (confused) and a kobold.

Vanquished Creatures
  Natasha (thrice) (D:2)
  2 adders
  A river rat (Sewer)
  3 ribbon worms
  2 dart slugs
  An orc (D:3)
  5 endoplasms
  2 giant cockroaches
  6 goblins
  4 hobgoblins
  7 jackals (D:1)
  A quokka (D:1)
  10 ball pythons
  3 bats (D:1)
  4 kobolds
  5 rats
59 creatures vanquished.

Vanquished Creatures (collateral kills)
  2 ribbon worms
  2 orcs (D:3)
  An endoplasm (Sewer)
  2 jackals (D:3)
  A kobold (Sewer)
8 creatures vanquished.

Grand Total: 67 creatures vanquished

Notes
Turn   | Place    | Note
-------+----------+-------------------------------------------
     0 | D:1      | pokeman the Deep Elf Hedge Wizard began the quest for the
                  | Orb.
     0 | D:1      | Reached XP level 1. HP: 10/10 MP: 7/7
   213 | D:1      | Reached XP level 2. HP: 15/15 MP: 7/9
   630 | D:1      | Reached skill level 5 in Spellcasting
   728 | D:1      | Reached XP level 3. HP: 20/20 MP: 7/11
   732 | D:1      | Learned a level 3 spell: Mephitic Cloud
   735 | D:1      | Learned a level 2 spell: Call Imp
   738 | D:1      | Learned a level 2 spell: Blink
  1605 | D:2      | Noticed Natasha
  1625 | D:2      | Killed Natasha
  1626 | D:2      | Reached skill level 1 in Fighting
  1626 | D:2      | Reached skill level 1 in Armour
  1626 | D:2      | Reached XP level 4. HP: 20/25 MP: 2/13
  1750 | D:2      | Noticed Natasha
  1764 | D:2      | Killed Natasha
  1910 | D:2      | Noticed Natasha
  1916 | D:2      | Killed Natasha
  2297 | D:2      | Reached skill level 6 in Spellcasting
  2414 | D:3      | Found a one-way gate to the infinite horrors of the Abyss.
  2414 | D:3      | Noticed Azoth's ghost (amateur OpHu)
  2433 | D:3      | Reached XP level 5. HP: 29/29 MP: 10/15
  2563 | D:3      | Found a glowing drain.
  2594 | Sewer    | Entered a sewer
  2833 | Sewer    | Noticed a crocodile
  2864 | Sewer    | Succumbed to a kobold brigand's poison

Illustrated notes

Levels and vault maps discovered:
D:1:      tarquinn_simple_flora_water_e, layout_rooms, st_stairs_6,
          minmay_distorted
D:2:      layout_basic, minivault_26, uniq_natasha
D:3:      layout_basic, gammafunk_ghost_abyssal_escape,
          mainiacjoe_sewer_entry_somewhere_in_here_1, serial_shops,
          nicolae_shop_advertising_works [nicolae_subvault_shop_adworks],
          minivault_19
Sewer:    sewer_co_15_rooms

Skill      XL: |  1  2  3  4  5 |
---------------+----------------+-----
Spellcasting   | 5 6 |  6.2
Fighting       | 1 |  1.1
Armour         | 1 |  1.1
Conjurations   | 2 |  2.6
Stealth        | 3 |  3.0
Dodging        | 3 |  3.0
Summonings     | |  1.1
Translocations | |  1.1
Air Magic      | |  0.2
Alchemy        | |  0.2
Evocations     | |  0.4

Action                     |  1- 3 |  4- 6 || total
---------------------------+-------+-------++-------
  Melee: Dagger            |     6 |    43 ||    49
         Punch             |       |     3 ||     3
   Cast: Magic Dart        |    93 |    64 ||   157
         Mephitic Cloud    |       |     7 ||     7
         Call Imp          |       |     2 ||     2
  Evoke: Wand              |       |     5 ||     5
    Use: Potion            |       |     1 ||     1
   Stab: Confused          |       |     6 ||     6
 Armour: Robe              |     5 |       ||     5
         Leather armour    |    12 |    20 ||    32
  Dodge: Dodged            |    17 |    36 ||    53

Table legend: (Time is in decaauts)
 A = Elapsed time spent in this place.
 B = Non-inter-level travel time spent in this place.
 C = Inter-level travel time spent in this place.
 D = Time resting spent in this place.
 E = Time spent auto-exploring this place.
 F = Levels seen in this place.
 G = Mean time per level.
                   A        B        C        D        E       F      G
               +--------+--------+--------+--------+--------+-----+--------+
         Total |   2885 |   2811 |     74 |     77 |   2171 |   4 |  721.2 |
       Dungeon |   2602 |   2528 |     74 |     65 |   1984 |   3 |  867.3 |
         Sewer |    283 |    283 |      0 |     12 |    187 |   1 |  283.0 |
               +--------+--------+--------+--------+--------+-----+--------+

Top non-repeatable levels by time:
     D:2: 1284 daAuts
     D:1: 1122 daAuts
   Sewer: 283 daAuts
     D:3: 196 daAuts
